 Dungeon Crawl Stone Soup version 0.31-a0-1458-g2f8d4710b4 (webtiles) character file.

Game seed: 15784552494193527631

1467 CannotBeFrozen the Carver (level 8, 0/53 (61) HPs)
             Began as a Demigod Warper on Dec 18, 2023.
             Slain by a wight
             ... wielding a +2 scimitar of freezing
              (1 damage)
             ... on level 5 of the Dungeon on Dec 28, 2023.
             The game lasted 00:23:49 (5923 turns).

CannotBeFrozen the Carver (Demigod Warper)          Turns: 5923, Time: 00:23:50

HP:   0/53 (61)     AC:  8    Str: 16    XL:     8   Next: 24%
MP:   14/14         EV: 16    Int: 19    God:
Gold: 217           SH:  0    Dex: 19    Spells: 5/11 levels left

rFire   . . .        a - +2 scimitar
rCold   . . .        (no shield)
rNeg    . . .        o - +0 ring mail
rPois   .            (no helmet)
rElec   .            q - +0 cloak
rCorr   .            p - +1 pair of gloves
SInv    .            (no boots)
Will    .....        (no amulet)
Stlth   ++           k - +6 ring of dexterity
HPRegen 0.28/turn    h - +5 ring of evasion
MPRegen 0.14/turn

%: no passive effects
@: heavily drained
A: high MP 1, forlorn, divine attributes
a: no special abilities


You were on level 5 of the Dungeon.
You visited 1 branch of the dungeon, and saw 6 of its levels.

You collected 217 gold pieces.

Inventory:

Hand Weapons
 a - a +2 scimitar (weapon)
 s - a +0 short sword of holy wrath
Missiles
 d - 7 darts of dispersal
 l - a boomerang (quivered)
 v - 14 stones
Armour
 o - a +0 ring mail (worn)
 p - a +1 pair of gloves (worn)
 q - a +0 cloak (worn)
Jewellery
 h - a +5 ring of evasion (right hand)
 k - a +6 ring of dexterity (left hand)
 n - a ring of magical power
 x - a ring of flight
Scrolls
 b - 3 scrolls of amnesia
 c - 2 scrolls of blinking
 e - a scroll of brand weapon
 g - a scroll of teleportation {unknown}
 r - a scroll of immolation {unknown}
 t - a scroll of enchant weapon {unknown}
 u - 2 scrolls of noise {unknown}
Potions
 f - 3 potions of curing {@q1}
 i - 2 potions of mutation
 j - a potion of enlightenment {unknown}
 m - a potion of heal wounds {@q2}
 w - a potion of brilliance {unknown}
 z - a potion of lignification {unknown}


   Skills:
 - Level 2.0 Fighting
 + Level 8.6 Long Blades
 - Level 2.0 Throwing
 - Level 2.0 Armour
 - Level 2.0 Dodging
 - Level 2.0 Stealth
 - Level 2.0 Spellcasting
 - Level 4.0 Translocations


You had 5 spell levels left.
You knew the following spells:

 Your Spells              Type           Power      Damage    Failure   Level
m - Manifold Assault      Tloc           17%        N/A       52%         4
z - Blink                 Tloc           34%        N/A       9%          2

Your spell library contained the following spells:

 Spells                   Type           Power      Damage    Failure   Level
 Lesser Beckoning         Tloc           34%        N/A       9%          2
 Teleport Other           Tloc           17%        N/A       19%         3
 Cigotuvi's Dreadful Rot  Necr/Alch/Air  2%         N/A       43%         2
 Vhi's Electric Charge    Tloc/Air       18%        N/A       80%         4
 Ignite Poison            Fire/Alch      1%         N/A       97%         4
 Freezing Cloud           Conj/Ice/Air   0%         6-21      100%        5


Dungeon Overview and Level Annotations

Branches:
Dungeon (6/15)             Temple (0/1) D:6

Shops:
D:1 =   D:3 (

Annotations:
D:5 Menkaure


Innate Abilities, Weirdness & Mutations

You have an increased reservoir of magic. (+10% MP)
You shall have no god before yourself.
Your divine heritage dramatically boosts your attributes as you level up.


Message History

The wight freezes you.
* * * LOW HITPOINT WARNING * * *
HP: 27/55 (-10) =====------- !
You hit the wight but do no damage.
The wight is moderately damaged.
The wight misses you.
You hit the wight.
The wight is heavily damaged.
The wight closely misses you.
You closely miss the wight.
The wight is heavily damaged.
The wight barely misses you.
You closely miss the wight. You punch the wight, but do no damage.
The wight is heavily damaged.
The wight hits you with a +2 scimitar of freezing.
* * * LOW HITPOINT WARNING * * *
The wight freezes you.
* * * LOW HITPOINT WARNING * * *
HP: 22/55 (-6) ====-------- !
You barely miss the wight.
The wight is heavily damaged.
The wight closely misses you.
You closely miss the wight.
The wight is heavily damaged.
The wight hits you with a +2 scimitar of freezing.
* * * LOW HITPOINT WARNING * * *
The wight freezes you.
* * * LOW HITPOINT WARNING * * *
HP: 15/55 (-7) ===--------- !
You closely miss the wight.
The wight is heavily damaged.
The wight misses you.
You hit the wight.
The wight is severely damaged.
The wight hits you with a +2 scimitar of freezing!
* * * LOW HITPOINT WARNING * * *
You feel drained.
* * * LOW HITPOINT WARNING * * *
The wight freezes you.
You die...

......#.#......###..>.......#
......#.#..#.### #.#######..#
##.#..#.#....# #.# #..#
#.#..#.#.##.#####.# #..#
#.#..#....#.......# #..#
##'#..################## #..#
.......................# #..#
.......###############.###..#
.......#........[@z".#......#
.......###.#########)....#.##
.......#....<..#####.....#.#
.......#.#...............#.#
.......#.#####.#####.##..#.#
#####..#...........#..#..#.#
......########.###.#.....#.#
...............#.........#.#
...............#...##....#.######


You could see a wight.

Vanquished Creatures
  2 water moccasins (D:6)
  An ice beast (D:6)
  2 black bears (D:5)
  An ogre (D:5)
  A scorpion (D:5)
  6 wights
  2 howler monkeys
  Crazy Yiuf (D:2)
  A bombardier beetle (D:6)
  An orc priest (D:3)
  2 hounds (D:5)
  Jessica (D:2)
  A sleepcap (D:5)
  Terence (D:2)
  An iguana (D:4)
  An orc wizard (D:3)
  7 adders
  A white imp (D:5)
  2 ufetubi (D:5)
  2 worms
  3 dart slugs
  8 orcs (D:3)
  4 endoplasms
  A giant cockroach (D:1)
  5 goblins
  2 hobgoblins
  4 jackals
  10 kobolds
  5 quokkas
  8 ball pythons
  A ball python zombie (D:3)
  3 bats
  4 frilled lizards
  A giant cockroach zombie (D:3)
  5 rats
101 creatures vanquished.

Notes
Turn   | Place    | Note
-------+----------+-------------------------------------------
     0 | D:1      | CannotBeFrozen the Demigod Warper began the quest for the
                  | Orb.
     0 | D:1      | Reached XP level 1. HP: 17/17 MP: 5/5
   132 | D:1      | Reached skill level 2 in Long Blades
   173 | D:1      | Found Acoobah's Jewellery Emporium.
   298 | D:1      | Reached XP level 2. HP: 11/24 MP: 7/7
   735 | D:1      | Learned a level 2 spell: Blink
  1112 | D:2      | Noticed Terence
  1611 | D:2      | Reached XP level 3. HP: 29/29 MP: 8/8
  1822 | D:2      | Noticed Jessica
  1829 | D:2      | Killed Jessica
  1830 | D:2      | Reached skill level 3 in Long Blades
  1989 | D:2      | Killed Terence
  1990 | D:2      | Reached XP level 4. HP: 36/36 MP: 9/9
  2202 | D:2      | Found a runed translucent door.
  2203 | D:2      | Noticed Crazy Yiuf
  2231 | D:2      | Killed Crazy Yiuf
  2232 | D:2      | Reached skill level 1 in Stealth
  2458 | D:3      | Found Saleuwn's Antique Weapon Shop.
  2523 | D:3      | Reached skill level 1 in Throwing
  2818 | D:3      | Reached skill level 1 in Armour
  2818 | D:3      | Reached XP level 5. HP: 32/41 MP: 10/10
  2825 | D:3      | Learned a level 4 spell: Manifold Assault
  3984 | D:4      | Reached XP level 6. HP: 32/48 MP: 11/11
  4131 | D:4      | Upgraded the game from 0.31-a0-1291-g5386780bc2 to
                  | 0.31-a0-1458-g2f8d4710b4
  4132 | D:5      | Entered Level 5 of the Dungeon
  4310 | D:5      | Reached skill level 4 in Long Blades
  4382 | D:5      | Noticed Menkaure
  4627 | D:5      | Reached skill level 5 in Long Blades
  5177 | D:5      | Reached XP level 7. HP: 34/55 MP: 10/13
  5270 | D:6      | Found a staircase to the Ecumenical Temple.
  5291 | D:5      | Reached skill level 6 in Long Blades
  5462 | D:5      | Reached skill level 7 in Long Blades
  5578 | D:6      | Reached XP level 8. HP: 61/61 MP: 14/14
  5594 | D:6      | Reached skill level 8 in Long Blades
  5923 | D:5      | HP: 1/53 [wight/+2 scimitar of freezing (3)]
  5923 | D:5      | Slain by a wight

Illustrated notes

Levels and vault maps discovered:
D:1:      scummos_arrival_star, layout_basic, serial_shops,
          nicolae_shop_rolling_square
D:2:      layout_loops_corners, uniq_jessica, uniq_crazy_yiuf_cottage,
          uniq_terence
D:3:      layout_basic, lemuel_zombie_altar_yredelemnul,
          ebering_ecumenical_altar_abandoned, serial_shops, shop
D:4:      layout_basic, tso_altar
D:5:      layout_basic, kennysheep_mini, uniq_menkaure
D:6:      layout_loops_ring, chei_slow_surprise, lemuel_crystal_altar,
          minmay_temple_entry_statues_fountains

Skill      XL: |  1  2  3  4  5  6  7  8 |
---------------+-------------------------+-----
Fighting       | 2 |  2.0
Long Blades    | 2 3 5 7 8 |  8.6
Spellcasting   | 2 |  2.0
Translocations | 3 4 |  4.0
Stealth        | 2 |  2.0
Throwing       | 1 2 |  2.0
Armour         | 1 2 |  2.0
Dodging        | 2 |  2.0

Action                     |  1- 3 |  4- 6 |  7- 9 || total
---------------------------+-------+-------+-------++-------
  Melee: Falchion          |    85 |   263 |    22 ||   370
         Punch             |     1 |     2 |     2 ||     5
         Scimitar          |       |       |    72 ||    72
  Throw: Stone             |     1 |       |       ||     1
         Boomerang         |     6 |    27 |    15 ||    48
   Cast: Blink             |     1 |     3 |       ||     4
    Use: Scroll            |     5 |     1 |       ||     6
         Potion            |       |     1 |       ||     1
   Stab: Sleeping          |     3 |     3 |       ||     6
 Armour: Leather armour    |    34 |       |       ||    34
         Ring mail         |     3 |   160 |    43 ||   206
  Dodge: Dodged            |    47 |   201 |    90 ||   338

Table legend: (Time is in decaauts)
 A = Elapsed time spent in this place.
 B = Non-inter-level travel time spent in this place.
 C = Inter-level travel time spent in this place.
 D = Time resting spent in this place.
 E = Time spent auto-exploring this place.
 F = Levels seen in this place.
 G = Mean time per level.
                   A        B        C        D        E       F      G
               +--------+--------+--------+--------+--------+-----+--------+
         Total |   5973 |   5738 |    235 |   1153 |   2792 |   6 |  995.5 |
       Dungeon |   5973 |   5738 |    235 |   1153 |   2792 |   6 |  995.5 |
               +--------+--------+--------+--------+--------+-----+--------+

Top non-repeatable levels by time:
     D:5: 1583 daAuts
     D:2: 1442 daAuts
     D:1: 1152 daAuts
     D:3: 833 daAuts
     D:4: 793 daAuts
     D:6: 166 daAuts
